 Dungeon Crawl Stone Soup version 0.28-a0-932-g843f935a50 (webtiles) character file.

Game seed: 2843770885995526270

992 ders the Digger (level 8, 0/41 HPs)
             Began as a Gargoyle Earth Elementalist on Nov 27, 2021.
             Slain by a water moccasin (7 damage)
             ... on level 5 of the Dungeon.
             The game lasted 00:06:34 (5034 turns).

ders the Digger (Gargoyle Earth Elementalist)       Turns: 5034, Time: 00:06:34

Health: 0/41       AC:  8    Str: 11    XL:     8   Next: 18%
Magic:  1/15       EV: 11    Int: 19    God:
Gold:   254        SH:  0    Dex: 10    Spells: 13/17 levels left

rFire   . . .      SeeInvis .   a - +0 dagger
rCold   . . .      Faith    .   (no shield)
rNeg    + . .      Spirit   .   b - +0 robe
rPois   ∞          Reflect  .   (no helmet)
rElec   +          Harm     .   (no cloak)
rCorr   .          Rampage  .   (no gloves)
Will    .....                   u - +0 pair of boots
Stlth   ++........              (no amulet)
HPRegen 0.13/turn               (no ring)
MPRegen 0.14/turn               (no ring)

@: no status effects
A: sickness immunity, AC +5, negative energy resistance 1, electricity
resistance, torment resistance 1, petrification resistance
a: no special abilities


You were on level 5 of the Dungeon.
You visited 1 branch of the dungeon, and saw 5 of its levels.

You collected 254 gold pieces.

Inventory:

Hand Weapons
 a - a +0 dagger (weapon)
Missiles
 p - 114 stones
Armour
 b - a +0 robe (worn)
 u - a +0 pair of boots (worn)
Scrolls
 d - 3 scrolls of identify {unknown}
 h - 2 scrolls of immolation {unknown}
 i - 3 scrolls of noise {unknown}
 j - 2 scrolls of enchant armour {unknown}
 l - a scroll of holy word {unknown}
 n - a scroll of blinking {unknown}
 q - a scroll of torment {unknown}
 t - a scroll of amnesia {unknown}
Potions
 c - a potion of invisibility {unknown}
 e - 3 potions of resistance {unknown}
 f - a potion of degeneration {unknown}
 g - 2 potions of curing {unknown}
 k - a potion of attraction {unknown}
 m - 2 potions of flight {unknown}
 o - a potion of heal wounds {unknown}
 r - a potion of mutation {unknown}
 s - a potion of brilliance {unknown}


   Skills:
 - Level 1.5 Dodging
 - Level 2.1 Stealth
 + Level 5.1 Spellcasting
 + Level 5.6 Conjurations
 - Level 0.7 Transmutations
 + Level 7.3 Earth Magic


You had 13 spell levels left.
You knew the following spells:

 Your Spells              Type           Power      Damage    Failure   Level
a - Sandblast             Erth           64%        2d14      1%          1
b - Stone Arrow           Conj/Erth      58%        3d10      2%          3

Your spell library contained the following spells:

 Spells                   Type           Power      Damage    Failure   Level
 Passwall                 Tmut/Erth      16%        N/A       3%          2
 Beastly Appendage        Tmut           14%        N/A       9%          1
 Conjure Flame            Conj/Fire      15%        6-21      12%         3
 Wereblood                Tmut           7%         N/A       14%         2
 Petrify                  Tmut/Erth      20%        N/A       22%         4
 Ignite Poison            Fire/Tmut/Pois 5%         N/A       32%         3
 Spider Form              Tmut/Pois      6%         N/A       32%         3
 Sticky Flame             Conj/Fire      15%        2d4       36%         4
 Passage of Golubria      Tloc           4%         N/A       77%         4
 Silence                  Hex/Air        2%         N/A       98%         5
 Lehudib's Crystal Spear  Conj/Erth      14%        10d5      100%        8


Dungeon Overview and Level Annotations

Branches:
Dungeon (5/15)
 Temple: D:4-7

Altars:

Shops:
D:5 *

Annotations:
D:5 1 transporter


Innate Abilities, Weirdness & Mutations

You are immune to sickness and miasma.
Your stone body is resilient. (AC +5)
You are immune to poison.
You resist negative energy. (rN+)
You are resistant to electric shocks. (rElec)
You are resistant to unholy torment.
You are immune to petrification.


Message History

Confirm with . or Enter, or press ? or * to list all spells.
Aiming: Sandblast (safe; 1% risk of failure)
Press: ? - help, Shift-Dir - straight line, f/p - adder
Aim: an adder (heavily wounded, 70% to hit)
The blast of sand hits the adder!!
You kill the adder!
The water moccasin bites you but does no damage.
Unknown command.
Casting: Sandblast (safe; 1% risk of failure)
Confirm with . or Enter, or press ? or * to list all spells.
Aiming: Stone Arrow (dangerous; 2% risk of failure)
Press: ? - help, Shift-Dir - straight line, f - water moccasin
Aim: a water moccasin (53% to hit)
The stone arrow misses the water moccasin.
The water moccasin bites you. x2
Unknown command.
Casting: Stone Arrow (dangerous; 2% risk of failure)
Confirm with . or Enter, or press ? or * to list all spells.
Aiming: Sandblast (safe; 1% risk of failure)
Press: ? - help, Shift-Dir - straight line, f/p - water moccasin
Aim: a water moccasin (70% to hit)
The blast of sand hits the water moccasin!
The water moccasin is heavily wounded.
The water moccasin barely misses you.
Unknown command.
Casting: Sandblast (safe; 1% risk of failure)
Confirm with . or Enter, or press ? or * to list all spells.
You don't have enough magic to cast this spell.
You hit the water moccasin.
The water moccasin is heavily wounded.
The water moccasin bites you.
* * * LOW HITPOINT WARNING * * *
The water moccasin misses you.
You closely miss the water moccasin.
The water moccasin is heavily wounded.
The water moccasin bites you but does no damage.
The water moccasin bites you.
* * * LOW HITPOINT WARNING * * *
The water moccasin bites you!
You die...

#.#####.#) #######
#.# ##..#) #.....#
#.###..#..
#.###.###.##..#...
#.# #....)........
#.# #######..#....
##.##
###....###...
#...# #...####
#... #.@.###.###
##.. #..S##..# ###
##. #......###...#
## #........'.∩.+
#........#...#
#........#####
#.........#
####......#
#......#


You could see a water moccasin.

Vanquished Creatures
  Pikel (D:4)
  A water moccasin (D:5)
  A lemure (D:4)
  2 howler monkeys
  A bullfrog zombie (D:5)
  2 orc priests
  4 orc wizards
  6 adders
  A shadow imp (D:5)
  An adder skeleton (D:4)
  2 worms
  A dart slug (D:1)
  9 orcs
  5 ball pythons
  9 endoplasms
  6 giant cockroaches
  3 goblins (D:1)
  9 hobgoblins
  4 jackals (D:5)
  7 kobolds
  2 quokkas (D:2)
  4 bats
  2 frilled lizards
  5 rats
88 creatures vanquished.

Notes
Turn   | Place    | Note
-------+----------+-------------------------------------------
     0 | D:1      | ders the Gargoyle Earth Elementalist began the quest for
                  | the Orb.
     0 | D:1      | Reached XP level 1. HP: 10/10 MP: 3/3
   256 | D:1      | Reached skill level 1 in Conjurations
   256 | D:1      | Reached XP level 2. HP: 13/15 MP: 1/5
   345 | D:1      | Reached skill level 4 in Earth Magic
   998 | D:1      | Reached XP level 3. HP: 19/19 MP: 4/6
  2100 | D:2      | Reached XP level 4. HP: 24/24 MP: 5/8
  2663 | D:3      | Learned a level 3 spell: Stone Arrow
  2974 | D:3      | Reached XP level 5. HP: 9/28 MP: 0/9
  3222 | D:3      | Reached skill level 5 in Earth Magic
  3529 | D:4      | D:
  3680 | D:4      | Noticed a lemure
  3680 | D:4      | Noticed a lemure
  3681 | D:4      | Noticed Pikel
  3682 | D:4      | Killed a lemure
  3704 | D:4      | Noticed a lemure
  3722 | D:4      | Noticed a lemure
  3755 | D:4      | Killed Pikel
  3756 | D:4      | Reached skill level 6 in Earth Magic
  3756 | D:4      | Reached XP level 6. HP: 5/32 MP: 0/12
  3756 | D:4      | Reached XP level 7. HP: 5/36 MP: 0/13
  4475 | D:4      | Reached skill level 5 in Conjurations
  4507 | D:5      | Entered Level 5 of the Dungeon
  4616 | D:5      | Found a transporter.
  4657 | D:5      | Reached skill level 7 in Earth Magic
  4719 | D:5      | Reached XP level 8. HP: 41/41 MP: 11/15
  4729 | D:5      | Reached skill level 5 in Spellcasting
  5017 | D:5      | Found Yschoq's Serpentskin Sales.
  5034 | D:5      | Slain by a water moccasin

Illustrated notes

#################
#........@.....<#
#.###############
#.# ....<.......#
##..)##.###.# #..
#.# #. #.# # #.#
#.#


Turn 3529 on D:4: D:

Levels and vault maps discovered:
D:1:      amcnicky_arrival_feature_with_door, layout_loops_ring
D:2:      minmay_chambers_of_twos, layout_loops_ring, serial_bayou_crossing
D:3:      layout_basic, serial_glass, glass_columns_a, glass_columns_a,
          glass_columns_a, glass_columns_b, glass_columns_a, glass_columns_a,
          glass_columns_a, glass_columns_c, glass_columns_a, glass_columns_a,
          amcnicky_mini_corridor_feature
D:4:      layout_basic, uniq_pikel, uniq_blork_the_orc, uniq_crazy_yiuf_cottage
D:5:      minmay_spotlight, layout_rooms, gammafunk_ghost_abyssal_escape,
          guppyfry_shop_venom

Skill      XL: |  1  2  3  4  5  6  7  8 |
---------------+-------------------------+-----
Conjurations   | 1 2 4 5 |  5.6
Earth Magic    | 4 6 7 |  7.3
Spellcasting   | 3 4 5 |  5.1
Dodging        | |  1.5
Stealth        | |  2.1
Transmutations | |  0.7

Action                   |  1- 3 |  4- 6 |  7- 9 || total
-------------------------+-------+-------+-------++-------
Melee: Dagger            |    14 |    20 |     8 ||    42
 Cast: Sandblast         |    59 |    34 |    26 ||   119
       Stone Arrow       |       |    14 |    16 ||    30
Armor: Robe              |    11 |    14 |    13 ||    38
Dodge: Dodged            |    22 |    26 |    12 ||    60

Table legend: (Time is in decaauts)
 A = Elapsed time spent in this place.
 B = Non-inter-level travel time spent in this place.
 C = Inter-level travel time spent in this place.
 D = Time resting spent in this place.
 E = Time spent auto-exploring this place.
 F = Levels seen in this place.
 G = Mean time per level.
                   A        B        C        D        E       F      G
               +--------+--------+--------+--------+--------+-----+--------+
         Total |   5042 |   4929 |    113 |   1392 |   2936 |   5 | 1008.4 |
       Dungeon |   5042 |   4929 |    113 |   1392 |   2936 |   5 | 1008.4 |
               +--------+--------+--------+--------+--------+-----+--------+

Top non-repeatable levels by time:
     D:3: 1219 daAuts
     D:2: 1196 daAuts
     D:1: 1093 daAuts
     D:4: 1005 daAuts
     D:5: 526 daAuts
